 Dungeon Crawl Stone Soup version 0.23.2-40-g277498a001 (webtiles) character file.

Game seed: 16583814983982856054

532 Frank2 the Chopper (level 6, -2/51 HPs)
             Began as a Demigod Gladiator on Sept 8, 2019.
             Killed from afar by an orc wizard (7 damage)
             ... with a magic dart
             ... on level 4 of the Dungeon.
             The game lasted 00:04:45 (2883 turns).

Frank2 the Chopper (Demigod Gladiator)              Turns: 2883, Time: 00:04:46

Health: -2/51      AC:  9    Str: 17    XL:     6   Next: 73%
Magic:  8/8        EV: 13    Int: 12    God:
Gold:   143        SH:  0    Dex: 21    Spells: 5/5 levels left

rFire    . . .     SeeInvis .   a - +0 war axe
rCold    . . .     Gourm    .   (no shield)
rNeg     . . .     Faith    .   o - +0 ring mail
rPois    .         Spirit   .   c - +0 helmet
rElec    .         Reflect  .   g - +0 cloak
rCorr    .         Harm     .   h - +0 pair of gloves
MR       .....     Clarity  +   (no boots)
Stlth    +.........             (no amulet)
HPRegen  0.17/turn              (no ring)
MPRegen  0.11/turn              (no ring)

@: no status effects
A: clarity, deterioration 1, high mp 1
a: no special abilities


You were on level 4 of the Dungeon.
You were hungry.

You visited 1 branch of the dungeon, and saw 4 of its levels.

You collected 143 gold pieces.

Inventory:

Hand Weapons
 a - a +0 war axe (weapon)
Missiles
 d - 2 throwing nets (quivered)
Armour
 c - a +0 helmet (worn)
 g - a +0 cloak (worn)
 h - a +0 pair of gloves (worn)
 o - a +0 ring mail (worn)
Jewellery
 k - a cursed ring of teleportation {unknown}
Scrolls
 b - a scroll of fear {unknown}
 i - a scroll of remove curse
 j - a scroll of blinking
 l - a scroll of teleportation
Potions
 e - 2 potions of agility
 p - a potion of brilliance {unknown}
Comestibles
 f - 7 rations
 q - a chunk of flesh


   Skills:
 + Level 3.0 Fighting
 + Level 5.7 Axes
 - Level 1.7 Throwing
 * Level 2.9 Armour
 + Level 3.4 Dodging


You had 5 spell levels left.
You didn't know any spells.
Your spell library was empty.

Dungeon Overview and Level Annotations

Branches:
Dungeon (4/15)
 Temple: D:4-7


Innate Abilities, Weirdness & Mutations

You have an increased reservoir of magic. (+10% MP)
You possess an exceptional clarity of mind.
Your body sometimes deteriorates upon taking damage.


Message History

It was a potion of curing.
You feel better. Something hits you but does no damage.
You miss something. Something hits you but does no damage.
You barely miss something.
You hear some strange, mumbled words.
A puff of flame appears from out of thin air!
The puff of flame misses you.
You miss something. Something hits you.
* * * LOW HITPOINT WARNING * * *
You miss something. Something hits you but does no damage. Something hits you.
* * * LOW HITPOINT WARNING * * *
You barely miss something. Something hits you.
* * * LOW HITPOINT WARNING * * *
You slash something! Something hits you.
* * * LOW HITPOINT WARNING * * *
You barely miss something.
You hear some strange, mumbled words.
A magic dart appears from out of thin air!
The magic dart hits you!
You die...

###.....##.#
.......)...#
#####.....P#
#.≈≈...# ###
#≈≈≈≈≈≈# ..
#.≈≈≈≈[## .#####
#.≈≈≈≈..# #.#....
#.......# ##)...##
#.###...# #@{....##
#.#....#####)......8
# #.#......)†....8..
#..........)).....8P
###......#.#........
#......#.#<.!..##[
#.#....#.##.#.##
#.#....... .....
#.#......# .#.#.#


There were no monsters in sight!

Vanquished Creatures
  An ogre (D:4)
  A scorpion (D:4)
  A hound (D:4)
  2 orc priests
  A bullfrog skeleton (D:4)
  A centaur skeleton (D:4)
  2 orc wizards
  A hound skeleton (D:3)
  A howler monkey zombie (D:4)
  6 adders
  3 adder zombies (D:4)
  5 worms
  5 dart slugs
  3 leopard geckos
  10 orcs
  A ball python (D:2)
  6 giant cockroaches
  10 goblins
  4 hobgoblins
  4 jackals (D:1)
  9 bats
  A frilled lizard (D:3)
  A jackal skeleton (D:4)
  7 kobolds
  A quokka skeleton (D:4)
  2 quokka zombies (D:4)
  8 rats
97 creatures vanquished.

Notes
Turn   | Place    | Note
-------+----------+-------------------------------------------
     0 | D:1      | Frank2 the Demigod Gladiator began the quest for the Orb.
     0 | D:1      | Reached XP level 1. HP: 17/17 MP: 3/3
   357 | D:1      | Reached XP level 2. HP: 24/24 MP: 4/4
   410 | D:1      | Reached skill level 3 in Axes
  1133 | D:1      | Reached skill level 1 in Armour
  1305 | D:2      | Reached XP level 3. HP: 29/29 MP: 5/5
  1320 | D:2      | Found a deep blue altar of Sif Muna.
  1849 | D:2      | Found a bloodstained altar of Trog.
  2013 | D:3      | Reached XP level 4. HP: 32/36 MP: 6/6
  2168 | D:3      | Reached skill level 4 in Axes
  2170 | D:3      | Reached XP level 5. HP: 26/42 MP: 7/7
  2230 | D:3      | Found a shadowy altar of Dithmenos.
  2732 | D:4      | Reached skill level 5 in Axes
  2732 | D:4      | Reached XP level 6. HP: 37/50 MP: 8/8
  2768 | D:4      | Found an opulent altar of Gozag.
  2872 | D:4      | Gained mutation: Your body sometimes deteriorates upon
                  | taking damage. [potion of mutation]
  2872 | D:4      | Gained mutation: You possess an exceptional clarity of
                  | mind. [potion of mutation]
  2874 | D:4      | HP: 2/51 [something (4)]
  2883 | D:4      | Killed from afar by an orc wizard

Skill      XL: |  1  2  3  4  5  6 |
---------------+-------------------+-----
Axes           | 3 4 5 |  5.7
Dodging        | 3 |  3.4
Fighting       | 2 3 |  3.0
Armour         | 1 2 |  2.9
Throwing       | |  1.7

Action                   |  1- 3 |  4- 6 || total
-------------------------+-------+-------++-------
Melee: War axe           |   119 |   130 ||   249
Throw: Throwing net      |       |     1 ||     1
  Use: Scroll            |     7 |     2 ||     9
       Potion            |       |     2 ||     2
 Stab: Distracted        |     1 |       ||     1
       Sleeping          |     1 |       ||     1
  Eat: Chunk             |     3 |     3 ||     6
Armor: Leather armour    |    59 |     9 ||    68
       Ring mail         |       |    56 ||    56
Dodge: Dodged            |    87 |    93 ||   180
